 Dungeon Crawl Stone Soup version 0.13-b1-9-g87fe349 (webtiles) character file.

181 Chiseanne the Ducker (level 4, -6/34 HPs)
             Began as a Human Monk on Sept 29, 2013.
             Was a Believer of Trog.
             Mangled by Sigmund
             ... wielding a +0,+0 scythe
              (16 damage)
             ... on Level 3 of the Dungeon.
             The game lasted 00:10:28 (2753 turns).

Chiseanne the Ducker (Human Monk)                   Turns: 2753, Time: 00:10:28

HP  -6/34        AC  3     Str 12      XL: 4   Next: 80%
MP   3/3         EV 13     Int 10      God: Trog [**....]
Gold 94          SH  0     Dex 16      Spells:  0 memorised,  3 levels left

Res.Fire  : . . .   See Invis. : .   a - +3 elf dagger (venom)
Res.Cold  : . . .   Warding    : .   h - +0 leather armour
Life Prot.: . . .   Conserve   : .   (no shield)
Res.Poison: .       Res.Corr.  : +   (no helmet)
Res.Elec. : .       Clarity    : .   (no cloak)
Sust.Abil.: . .     Spirit.Shd : .   (no gloves)
Res.Mut.  : .       Stasis     : .   (no boots)
Res.Rott. : .       Flight     : .   g - amulet of resist corrosion
Saprovore : . . .                    (no ring)
                                     (no ring)

@: slightly resistant to hostile enchantments, fairly stealthy
A: no striking features
a: Burn Spellbooks, Berserk, Trog's Hand, Renounce Religion


You were on level 3 of the Dungeon.
You worshipped Trog.
Trog was pleased with you.
You were hungry.

You visited 1 branch of the dungeon, and saw 3 of its levels.

You collected 94 gold pieces.

Inventory:

Hand weapons
 a - a +3,+3 elven dagger of venom (weapon)
 e - a +0,+0 club (quivered) {*** Badass ugly stick ***}
 u - a +1,+1 orcish dagger of electrocution
 w - a +0,+0 crossbow
Missiles
 c - 47 arrows
 k - 2 darts of frost
 l - 2 darts
 m - 38 sling bullets
 n - 74 bolts
 o - 52 stones
 t - 10 poisoned needles
 x - 13 poisoned arrows
Armour
 h - a +0 leather armour (worn)
Magical devices
 q - a wand of polymorph (11)
Comestibles
 b - 2 bread rations
 d - an apple
 i - a choko
Scrolls
 s - 2 scrolls of remove curse
Jewellery
 g - an amulet of resist corrosion (around neck)
 j - an uncursed amulet of stasis
Potions
 f - 2 potions of curing
 p - a potion of heal wounds {unknown}
 r - a potion of restore abilities {unknown}


   Skills:
 * Level 3.7 Fighting
 * Level 0.6 Short Blades
 * Level 0.8 Crossbows
 * Level 4.3 Dodging
 - Level 2.0 Stealth
 - Level 4.0 Unarmed Combat


You had 3 spell levels left.
You didn't know any spells.

Dungeon Overview and Level Annotations

Branches:
Dungeon (3/27)

Altars:
Fedhas
Kikubaaqudgha
Nemelex Xobeh
Sif Muna
Trog
Zin

Annotations:
D:3 Sigmund


Message History

Deactivating autopickup; reactivate with Ctrl-A.
The orc hits you with a runed orcish dagger.
You hit the orc.
You kill the orc!
Trog accepts your kill.
The orc shouts!
Things that are here:
a runed orcish dagger; an orc corpse You offer a prayer to Trog.
The orc corpse is consumed in a column of flame.
Trog is pleased with you.
u - a runed orcish dagger The puff of flame hits you!
You hear some strange, mumbled words.
Something tries to affect you, but you resist.
It hits you.
* * * LOW HITPOINT WARNING * * *
Drink which item? (? for menu, Esc to quit)
You feel better. It hits you!
You die...

.#......######........
#......### #########
#........# #......
#......#.######......
#......#....)).......
#..........####......
#..........## #......
#......%...<# #......
#...@......## #......
#.#.######## #......
....o# #......
........ #######
.........#. #
.......##.# # ...... #
# ..... # .. #


You could see an orc.

Vanquished Creatures
  2 adders (D:3)
  2 worms (D:2)
  2 orcs (D:3)
  A ball python (D:1)
  4 giant cockroaches
  6 goblins
  8 hobgoblins
  3 quokkas (D:3)
  9 bats
  2 giant geckos (D:2)
  8 giant newts
  4 kobolds (D:1)
  6 rats
57 creatures vanquished.

Notes
Turn   | Place    | Note
--------------------------------------------------------------
     0 | D:1      | Chiseanne, the Human Monk, began the quest for the Orb.
     0 | D:1      | Reached XP level 1. HP: 16/16 MP: 0/0
   390 | D:1      | Reached XP level 2. HP: 12/22 MP: 1/1
   850 | D:1      | Reached XP level 3. HP: 15/28 MP: 2/2
  1791 | D:2      | Reached XP level 4. HP: 23/34 MP: 3/3
  2223 | D:2      | Found a bloodstained altar of Trog.
  2225 | D:2      | Found a sparkling altar of Nemelex Xobeh.
  2225 | D:2      | Found a glowing silver altar of Zin.
  2227 | D:2      | Found a blossoming altar of Fedhas.
  2228 | D:2      | Found an ancient bone altar of Kikubaaqudgha.
  2235 | D:2      | Found a deep blue altar of Sif Muna.
  2245 | D:2      | Became a worshipper of Trog the Wrathful
  2245 | D:2      | Acquired Trog's first power
  2245 | D:2      | Acquired Trog's second power
  2744 | D:3      | Noticed Sigmund
  2753 | D:3      | Mangled by Sigmund

Action                   |  1- 3 |  4- 6 || total
-------------------------+-------+-------++-------
Melee: Unarmed           |    21 |       ||    21
       Club              |    39 |       ||    39
       Dagger            |    79 |    61 ||   140
 Fire: Crossbow          |    13 |       ||    13
Evoke: Wand              |     2 |       ||     2
  Use: Scroll            |     4 |     3 ||     7
       Potion            |     2 |     1 ||     3
 Stab: Sleeping          |     1 |       ||     1
